AoeStats
← 情何以堪

Arena

508634545Analyzed
4v4 RM · 9d ago on Sep 23, 2026· 61m 26s· 8 players
Game mode
Random Map
Map size
Large (8 player)
Population
200
Speed
Normal
Resources
Standard
Victory
Conquest
Starting age
Dark Age
Ending age
Imperial Age
RankedLock teamsTeams togetherTeam positionsShared explorationLock speedFull tech treeHidden civsTurbo modeCheats
Victory
Defeat
🇹🇼 Saxons · Taiwan
962
+9
🇧🇷 Teutons · Brazil
768
+16
🇹🇼 Japanese · Taiwan
763
+16
🇯🇵 Jurchens · Japan
735
+18
🇨🇳 Britons · China
836
-22
🇨🇳 Franks · China
812
-16
🇨🇳 Lithuanians · China
793
-15
🇦🇺 Persians · Australia
674
-11
Matheus wn8088
9:30 Loom
11:52 Feudal Age
12:18 Double-Bit Axe
19:45 Castle Age
18:31 Bloodlines
20:32 Forging
22:30 Iron Casting
24:06 Horse Collar
24:19 Gold Mining
24:43 Bow Saw
33:52 Imperial Age
32:00 Wheelbarrow
31:12 Town Watch
31:59 Scale Barding Armor
32:15 Heavy Plow
34:11 Ballistics
34:21 Ballistics
34:52 Hand Cart
34:04 Cavalier
35:06 Chain Barding Armor
36:02 Chemistry
36:27 Blast Furnace
36:29 Plate Barding Armor
35:24 Paladin
36:40 Crop Rotation
38:49 Two-Man Saw
45:59 Masonry
45:57 Siege Engineers
47:49 Heated Shot
豚マソ
2:03 Loom
16:01 Feudal Age
17:18 Horse Collar
17:27 Double-Bit Axe
20:15 Castle Age
18:22 Gold Mining
19:21 Stone Mining
21:17 Heavy Plow
21:50 Bow Saw
21:41 Treadmill Crane
24:32 Padded Archer Armor
26:24 Gold Shaft Mining
28:01 Stone Shaft Mining
28:33 Wheelbarrow
33:17 Imperial Age
31:14 Ballistics
30:44 Arson
30:59 Squires
30:45 Gambesons
31:24 Caravan
33:23 Hand Cart
33:18 Town Watch
33:36 Scale Mail Armor
33:48 Forging
34:26 Town Patrol
33:49 Elite Fire Lancer
34:54 Conscription
36:26 Two-Man Saw
35:58 Crop Rotation
36:05 Iron Casting
36:43 Chain Mail Armor
36:51 Heavy Rocket Cart
38:27 Thunderclap Bombs
39:22 Chemistry
38:27 Siege Engineers
39:17 Leather Archer Armor
40:02 Blast Furnace
41:28 Fortified Bastions
42:04 Hoardings
48:44 Masonry
48:30 Murder Holes
48:29 Fletching
49:09 Ring Archer Armor
51:17 Bodkin Arrow
57:22 Bracer
57:55 Architecture
Dyhvi
13:11 Feudal Age
13:53 Double-Bit Axe
13:50 Horse Collar
19:28 Castle Age
18:37 Stone Mining
18:44 Gold Mining
22:05 Bow Saw
21:57 Heavy Plow
22:24 Pikeman
26:34 Loom
28:52 Wheelbarrow
29:45 Gold Shaft Mining
32:03 Squires
31:48 Gambesons
32:24 Hand Cart
35:37 Imperial Age
32:54 Town Watch
33:36 Scale Barding Armor
33:31 Scale Mail Armor
33:41 Forging
33:34 Padded Archer Armor
33:24 Fletching
35:39 Coinage
36:52 Conscription
35:54 Elite Samurai
36:41 Arson
36:59 Husbandry
37:10 Bloodlines
36:20 Light Cavalry
38:34 Two-Man Saw
38:34 Chain Mail Armor
38:39 Chain Barding Armor
38:54 Iron Casting
39:31 Kataparuto
39:43 Treadmill Crane
41:06 Chemistry
40:26 Ballistics
40:19 Masonry
40:19 Fortified Wall
40:06 Murder Holes
39:57 Arrowslits
50:25 Hoardings
52:34 Cavalier
59:34 Town Patrol
60:36 Siege Engineers
60:27 Guard Tower
60:08 Halberdier
60:08 Man-at-Arms
61:30 Plate Mail Armor
62:01 Blast Furnace
60:56 Bodkin Arrow
61:16 Leather Archer Armor
拉豬武士
10:53 Feudal Age
15:08 Castle Age
16:32 Double-Bit Axe
16:29 Horse Collar
18:17 Fletching
20:51 Squires
22:49 Arson
26:10 Scale Mail Armor
26:21 Forging
30:06 Chain Mail Armor
34:02 Imperial Age
32:13 Iron Casting
32:24 Gold Mining
33:34 Gambesons
36:34 Plate Mail Armor
36:03 Pikeman
36:17 Capped Ram
38:14 Elite Varangian Guard
39:25 Bodkin Arrow
39:31 Murder Holes
39:57 Ballistics
40:10 Conscription
40:11 Heavy Plow
42:28 Halberdier
44:41 Bow Saw
44:49 Caravan
45:58 Siege Ram
48:35 Two-Man Saw
50:23 Gold Shaft Mining
56:13 Shield Wall
57:08 Siege Engineers
MachTerran
11:39 Loom
13:34 Feudal Age
19:29 Castle Age
19:51 Loom
20:54 Gold Mining
22:05 Fletching
22:18 Padded Archer Armor
22:28 Stone Mining
29:53 Horse Collar
31:10 Bodkin Arrow
33:05 Double-Bit Axe
37:10 Ballistics
37:03 Masonry
38:24 Ballistics
39:20 Wheelbarrow
40:55 Wheelbarrow
情何以堪
10:39 Feudal Age
11:28 Double-Bit Axe
11:26 Horse Collar
20:09 Castle Age
18:26 Stone Mining
19:07 Gold Mining
21:18 Bow Saw
21:10 Elite Skirmisher
23:42 Heavy Plow
23:58 Fletching
24:25 Treadmill Crane
25:31 Wheelbarrow
28:05 Ballistics
28:34 Squires
29:22 Gold Shaft Mining
29:21 Loom
30:35 Masonry
30:40 Fortified Wall
31:07 Bodkin Arrow
31:17 Padded Archer Armor
32:05 Gambesons
31:43 Man-at-Arms
32:11 Arson
35:34 Imperial Age
32:56 Town Watch
33:53 Yeomen
34:03 Leather Archer Armor
34:49 Hand Cart
34:30 Pikeman
36:00 Scale Mail Armor
36:19 Elite Longbowman
37:25 Conscription
38:23 Bracer
39:29 Chemistry
39:21 Warwolf
40:39 Ring Archer Armor
39:34 Halberdier
41:25 Hoardings
40:22 Sappers
42:15 Siege Engineers
猫猫儿W
9:32 Feudal Age
9:58 Double-Bit Axe
11:58 Loom
17:44 Castle Age
16:52 Horse Collar
17:11 Gold Mining
17:21 Stone Mining
18:41 Heavy Plow
18:54 Bow Saw
23:55 Stone Shaft Mining
24:02 Bloodlines
23:54 Husbandry
28:20 Forging
28:15 Scale Barding Armor
28:55 Scale Barding Armor
29:42 Fervor
29:47 Redemption
29:34 Herbal Medicine
30:03 Sanctity
29:47 Atonement
31:01 Iron Casting
30:56 Hill Forts
33:47 Chain Barding Armor
36:27 Imperial Age
34:34 Wheelbarrow
33:47 Town Watch
36:24 Hand Cart
36:09 Town Patrol
37:46 Crop Rotation
37:20 Town Patrol
37:57 Conscription
38:32 Tower Shields
39:07 Illumination
38:59 Block Printing
38:20 Capped Ram
38:50 Pikeman
39:31 Squires
39:18 Arson
40:44 Halberdier
42:34 Elite Leitis
46:50 Scale Mail Armor
47:26 Plate Barding Armor
46:35 Treadmill Crane
49:12 Chain Mail Armor
48:48 Fletching
Joshua
10:25 Feudal Age
12:16 Double-Bit Axe
13:00 Loom
16:36 Castle Age
18:42 Stone Mining
23:45 Wheelbarrow
23:17 Town Watch
24:51 Bow Saw
24:35 Gold Mining
31:22 Imperial Age
30:40 Hand Cart
30:20 Treadmill Crane
31:58 Caravan
33:08 Gold Shaft Mining
33:46 Siege Engineers
35:24 Husbandry
34:44 Cavalier
35:38 Forging
35:28 Scale Mail Armor
35:45 Masonry
36:18 Conscription
36:00 Chivalry
37:02 Iron Casting
36:27 Scale Mail Armor
37:41 Hoardings
36:31 Paladin
36:59 Elite Throwing Axeman
39:32 Blast Furnace
38:47 Chain Mail Armor
39:32 Blast Furnace
38:52 Scale Barding Armor
41:07 Chain Barding Armor
43:46 Chemistry
43:16 Architecture
43:25 Plate Barding Armor
42:41 Ordonnance Companies
44:13 Plate Mail Armor
58:16 Padded Archer Armor
58:06 Fletching
58:40 Ballistics
57:51 Elite Skirmisher
59:28 Bodkin Arrow
59:48 Leather Archer Armor
Connection lost

Rejoining the realm…

Still unreachable

The connection could not be restored.

Session expired

The server has moved on; the page needs a fresh start.